 Dungeon Crawl Stone Soup version 0.21-a0-417-g0adc95b (webtiles) character file.

2279 nikopol the Thaumaturge (level 9, 0/47 HPs)
             Began as a Deep Elf Fire Elementalist on Nov 3, 2017.
             Was a Follower of Sif Muna.
             Shot with an arrow by a centaur (9 damage)
             ... on level 7 of the Dungeon.
             The game lasted 00:34:41 (7948 turns).

nikopol the Thaumaturge (DEFE)                      Turns: 7948, Time: 00:34:42

Health: 0/47       AC:  4    Str:  5    XL:     9   Next: 16%
Magic:  8/24       EV: 14    Int: 24    God:    Sif Muna [*.....]
Gold:   232        SH:  0    Dex: 15    Spells: 16/27 levels left

rFire    . . .     SeeInvis .   f - +1 short sword
rCold    . . .     Gourm    .   (no shield)
rNeg     . . .     Faith    .   a - +0 robe
rPois    .         Spirit   .   H - +0 helmet
rElec    .         Reflect  .   (no cloak)
rCorr    .         Harm     .   (no gloves)
MR       .....                  L - +0 pair of boots
Stlth    +++.......             m - amulet of rage
HPRegen  0.15/turn              (no ring)
MPRegen  0.19/turn              (no ring)

@: no status effects
A: no striking features
a: Divine Energy, Renounce Religion, Evoke Berserk Rage


You were on level 7 of the Dungeon.
You worshipped Sif Muna.
Sif Muna was aware of your devotion.
You were not hungry.

You visited 2 branches of the dungeon, and saw 8 of its levels.
You also visited: Sewer and Ossuary.

You collected 232 gold pieces.

Inventory:

Hand Weapons
 d - a +2 whip of pain
 f - a +1 short sword (weapon)
Armour
 a - a +0 robe (worn)
 H - a +0 helmet (worn)
 L - a +0 pair of boots (worn)
Jewellery
 m - an amulet of rage (around neck)
Scrolls
 k - a scroll of remove curse
 n - 8 scrolls of identify
 o - a scroll of enchant weapon
 p - 3 scrolls of recharging
 r - a scroll of teleportation
 u - 2 scrolls of fog
 y - 2 scrolls of random uselessness {unknown}
 A - 3 scrolls of noise {unknown}
 C - 2 scrolls of immolation {unknown}
 E - a scroll of amnesia {unknown}
 F - a scroll of brand weapon {unknown}
 G - a scroll of vulnerability {unknown}
 I - a scroll of blinking
 J - a scroll of torment {unknown}
 M - a scroll of magic mapping {unknown}
Potions
 e - a potion of invisibility {unknown}
 h - 2 potions of mutation {unknown}
 i - 4 potions of curing {unknown}
 j - 12 potions of degeneration {unknown}
 l - a potion of resistance {unknown}
 q - a potion of berserk rage {unknown}
 s - 2 potions of brilliance {unknown}
 t - 5 potions of heal wounds {unknown}
 w - 2 potions of haste {unknown}
 x - 3 potions of flight
 z - 2 potions of lignification {unknown}
 B - 3 potions of agility {unknown}
 D - a potion of cancellation {unknown}
Books
 b - a book of Flames

   Spells                             Type                      Level
   a - Flame Tongue                   Conjuration/Fire             1
   b - Throw Flame                    Conjuration/Fire             2
   c - Conjure Flame                  Conjuration/Fire             3
   d - Inner Flame                    Hexes/Fire                   3
   e - Sticky Flame                   Conjuration/Fire             4
   f - Fireball                       Conjuration/Fire             5
Comestibles
 c - 3 bread rations
 g - 3 meat rations
 v - 5 fruits
 N - 3 chunks of flesh


   Skills:
 + Level 1.0 Fighting
 + Level 4.5 Dodging
 + Level 3.6 Stealth
 + Level 9.8 Spellcasting
 + Level 6.6 Conjurations
 + Level 8.0 Fire Magic


You had 16 spell levels left.
You knew the following spells:

 Your Spells              Type           Power        Failure   Level  Hunger
a - Flame Tongue          Conj/Fire      #####        1%          1    None
b - Throw Flame           Conj/Fire      #####.       1%          2    None
c - Conjure Flame         Conj/Fire      #####...     1%          3    None
d - Fireball              Conj/Fire      #####.....   8%          5    ####...


Dungeon Overview and Level Annotations

Branches:
Dungeon (7/15)             Temple (1/1) D:5

Altars:
Ashenzari
Cheibriados
Dithmenos
Elyvilon
Gozag
Hepliaklqana
Kikubaaqudgha
Makhleb
Nemelex Xobeh
Sif Muna
Trog
Uskayaw
Vehumet
Zin
The Shining One


Message History

The flame tongue hits the orc.
You kill the orc!
Sif Muna accepts your kill.
You start resting.
The centaur shouts!
The centaur unwields an uncursed dagger.
The centaur wields a shortbow.
The centaur shoots an arrow.
The arrow hits you!
* * * LOW HITPOINT WARNING * * *
You see here an arrow.
The centaur shoots an arrow.
The arrow hits you.
* * * LOW HITPOINT WARNING * * *
You see here an arrow.
Casting: Flame Tongue
Confirm with . or Enter, or press ? or * to list all spells.
Aiming: Flame Tongue
Press: ? - help, Shift-Dir - straight line, f - centaur
Aim: a centaur, wielding a shortbow The flame tongue hits the centaur.
The centaur appears unharmed.
The centaur shoots an arrow.
The arrow hits you!
You die...

#.....#.# #........
#[....#c# ##.......
#.....#.#####...=....
#......)c............
#.....#.#####...#....
#.....)...# #...##...
#.......#..####.# ...
#....$#.##.# #.# #..
#.((@.#.# .# ... .†
#######.# . .### #.
#.# . # # #.. .. ###


You could see a centaur.

Vanquished Creatures
  Grinder (Sewer)
  The ghost of zorance the Firebug, an amateur DEFE (D:3)
  A phantom (D:7)
  An ogre (D:4)
  A centaur (D:5)
  A big kobold (Sewer)
  3 bullfrogs
  3 scorpions
  A centaur zombie (Ossuary)
  A human zombie (Ossuary)
  A quasit (Sewer)
  6 hounds
  2 jellies
  5 orc wizards
  4 orc priests
  3 bullfrog skeletons (D:5)
  A centaur skeleton (D:7)
  An iguana (D:5)
  4 worker ants
  5 big kobold zombies
  3 mummies (Ossuary)
  A howler monkey zombie (D:5)
  Robin (D:4)
  8 adders
  6 gnolls
  A river rat (D:3)
  5 shadow imps
  3 ufetubi (Sewer)
  11 oozes
  3 worms (D:3)
  2 dart slugs
  5 leopard geckos
  27 orcs
  10 bats
  6 giant cockroaches
  A gnoll zombie (Ossuary)
  11 goblins
  9 hobgoblins
  6 jackals (D:3)
  3 quokkas
  3 ball pythons
  5 frilled lizards
  A jackal skeleton (D:4)
  25 kobolds
  5 kobold zombies
  2 orc zombies (Ossuary)
  A quokka zombie (D:6)
  11 rats
221 creatures vanquished.

Vanquished Creatures (others)
  A wizard (D:3)
  A kobold zombie (Sewer)
  A fungus (D:2)
  8 toadstools (D:2)
11 creatures vanquished.

Grand Total: 232 creatures vanquished

Notes
Turn   | Place    | Note
-------+----------+-------------------------------------------
     0 | D:1      | nikopol the Deep Elf Fire Elementalist began the quest for the Orb.
     0 | D:1      | Reached XP level 1. HP: 10/10 MP: 6/6
   100 | D:1      | Reached XP level 2. HP: 15/15 MP: 0/8
   830 | D:2      | Reached XP level 3. HP: 18/19 MP: 1/10
   853 | D:2      | Found a hazy altar of Hepliaklqana.
   938 | D:2      | Reached skill level 4 in Spellcasting
  1562 | D:2      | Reached XP level 4. HP: 21/24 MP: 6/12
  2062 | D:3      | Reached XP level 5. HP: 28/28 MP: 8/14
  2211 | D:3      | Found an opulent altar of Gozag.
  2284 | D:3      | Learned a level 2 spell: Throw Flame
  2288 | D:3      | Learned a level 3 spell: Conjure Flame
  2294 | D:3      | Learned a level 5 spell: Fireball
  2311 | D:3      | Noticed zorance's ghost (amateur DEFE)
  2339 | D:3      | Reached skill level 5 in Spellcasting
  2339 | D:3      | Reached XP level 6. HP: 21/32 MP: 5/16
  2590 | D:3      | Found a glowing drain.
  2626 | Sewer    | Entered a sewer
  3067 | Sewer    | Found a burning altar of Makhleb.
  3163 | Sewer    | Reached skill level 6 in Spellcasting
  3163 | Sewer    | Reached skill level 5 in Fire Magic
  3288 | Sewer    | Noticed Grinder
  3308 | Sewer    | Killed Grinder
  3308 | Sewer    | Reached XP level 7. HP: 36/36 MP: 4/18
  4065 | D:3      | Killed zorance's ghost
  4065 | D:3      | Reached skill level 7 in Spellcasting
  4371 | D:3      | Found a bloodstained altar of Trog.
  4372 | D:3      | Noticed a wizard
  4377 | D:3      | Killed a wizard
  4554 | D:4      | Noticed Robin
  4573 | D:4      | Killed Robin
  5086 | D:4      | Reached XP level 8. HP: 25/41 MP: 2/21
  5109 | D:4      | Reached skill level 5 in Conjurations
  5275 | D:4      | Found a white marble altar of Elyvilon.
  5498 | D:5      | Entered Level 5 of the Dungeon
  5552 | D:5      | Found a sand-covered staircase.
  5561 | Ossuary  | Entered an ossuary
  6038 | D:5      | Reached skill level 8 in Spellcasting
  6519 | D:5      | Found a staircase to the Ecumenical Temple.
  6524 | D:5      | Reached skill level 1 in Fighting
  6604 | Temple   | Entered the Ecumenical Temple
  6612 | Temple   | Became a worshipper of Sif Muna the Loreminder
  7512 | D:6      | Found a sparkling altar of Nemelex Xobeh.
  7565 | D:6      | Found a sparkling altar of Nemelex Xobeh.
  7572 | D:6      | Found a snail-covered altar of Cheibriados.
  7614 | D:6      | Reached skill level 9 in Spellcasting
  7747 | D:7      | Reached XP level 9. HP: 40/47 MP: 17/24
  7753 | D:7      | Found an ancient bone altar of Kikubaaqudgha.
  7823 | D:7      | Reached * piety under Sif Muna
  7948 | D:7      | Shot with an arrow by a centaur

Vault maps used:
D:1:      dpeg_arrival_ratfight, minmay_hedge_maze
D:2:      cheibrodos_fertilizer, nicolae_overflow_crystal_walls, first_bread
D:3:      nicolae_gozag_cash_rules_everything_around_me, portal_sewer_entry_b,
          hex_tiny, trog_wizard
D:4:      lemuel_crystal_altar, uniq_robin
D:5:      minmay_temple_entry_large_hall, enter_ossuary_3
D:6:      nemelex_xobeh_ov_fountains_minmay, cheibriados_altar_1,
          nemelex_spade_bored_becter
D:7:      overflow_temple_1_default
Temple:   eino_narrow_crystal_temple
Sewer:    kennysheep_sewer_church
Ossuary:  ossuary_crypta

Skill      XL: |  1  2  3  4  5  6  7  8  9 |
---------------+----------------------------+-----
Spellcasting   | 4 5 6 7 9 |  9.8
Fire Magic     | 4 5 6 7 8 |  8.0
Conjurations   | 2 3 4 6 |  6.6
Dodging        | 3 4 |  4.5
Stealth        | 3 |  3.6
Fighting       | 1 |  1.0

Action                   |  1- 3 |  4- 6 |  7- 9 || total
-------------------------+-------+-------+-------++-------
Melee: Short sword       |       |       |     5 ||     5
 Cast: Flame Tongue      |    83 |   125 |   275 ||   483
       Throw Flame       |       |     5 |    29 ||    34
       Conjure Flame     |       |     3 |    12 ||    15
       Fireball          |       |       |     4 ||     4
  Use: Scroll            |       |       |     9 ||     9
       Potion            |       |       |     1 ||     1
  Eat: Chunk             |     1 |     6 |    14 ||    21
       Fruit             |       |       |     1 ||     1
Armor: Robe              |     9 |     7 |     6 ||    22
Dodge: Dodged            |    36 |    48 |    38 ||   122

Table legend:
 A = Spawn XP
 B = Non-spawn XP
 C = Spawn XP percentage of total XP
 D = Spawn monster count
 E = Non-spawn monster count
 F = Spawn count percentage of total count
 G = Total turns spent on level
                    A         B        C        D         E        F      G
               +---------+---------+-------+---------+---------+-------+---------
         Total |       0 |    3257 |   0.0 |       0 |     221 |   0.0 |  7948
               +---------+---------+-------+---------+---------+-------+---------
           D:1 |       0 |      22 |   0.0 |       0 |      16 |   0.0 |   798
           D:2 |       0 |     164 |   0.0 |       0 |      38 |   0.0 |  1228
           D:3 |       0 |     464 |   0.0 |       0 |      42 |   0.0 |  1154
           D:4 |       0 |     363 |   0.0 |       0 |      28 |   0.0 |  1065
           D:5 |       0 |     777 |   0.0 |       0 |      26 |   0.0 |  1055
           D:6 |       0 |     276 |   0.0 |       0 |      17 |   0.0 |   793
           D:7 |       0 |     485 |   0.0 |       0 |       9 |   0.0 |   207
         Sewer |       0 |     528 |   0.0 |       0 |      34 |   0.0 |  1253
       Ossuary |       0 |     178 |   0.0 |       0 |      11 |   0.0 |   378
               +---------+---------+-------+---------+---------+-------+---------
